 Dungeon Crawl Stone Soup version 0.30-a0-377-g5cb311bc9f (webtiles) character file.

Game seed: 8159880035402308047

78 RascalDebosk the Magician (level 4, -1/31 HPs)
             Began as a Djinni Venom Mage on Nov 30, 2022.
             Slain by a gnoll
             ... wielding a +0 whip
              (4 damage)
             ... on level 2 of the Dungeon.
             The game lasted 00:09:33 (1379 turns).

RascalDebosk the Magician (Djinni Venom Mage)       Turns: 1379, Time: 00:09:33

Health: -1/31      AC:  3    Str:  7    XL:     4   Next: 61%
Gold:   100        EV: 12    Int: 18    God:
                   SH:  0    Dex: 14

rFire   + + .      SeeInvis .    (no weapon)
rCold   x . .      Faith    .    (no shield)
rNeg    . . .      Spirit   .    a - +0 robe
rPois   ∞          Reflect  .    d - +0 helmet
rElec   .          Harm     .    (no cloak)
rCorr   .          Rampage  .    (no gloves)
Will    .....                    (boots unavailable)
Stlth   ++........               (no amulet)
HPRegen 0.25/turn                (no ring)
MPRegen 0.00/turn                (no ring)

@: flying, very slightly contaminated, studying Dodging
A: sickness immunity, fire resistance 2, cold vulnerability 1, float, innate
caster, HP casting, extra vitality 1
a: no special abilities


You were on level 2 of the Dungeon.
You visited 1 branch of the dungeon, and saw 2 of its levels.

You collected 100 gold pieces.

Inventory:

Armour
 a - a +0 robe (worn)
 d - a +0 helmet (worn)
Jewellery
 h - a ring of see invisible
Scrolls
 e - a scroll of fog {unknown}
 k - a scroll of teleportation {unknown}
 l - a scroll of identify {unknown}
Potions
 b - 2 potions of degeneration {unknown}
 c - 2 potions of haste {unknown}
 f - a potion of curing {unknown}
 g - a potion of might {unknown}
 i - 2 potions of lignification {unknown}
 j - a potion of ambrosia {unknown}


   Skills:
 - Level 2.1 Dodging
 - Level 1.5 Stealth
 * Level 3.9 Spellcasting


You couldn't memorise any spells.
You knew the following spells:

 Your Spells              Type           Power      Damage    Failure   Level
a - Sting                 Tmut/Pois      68%        1d6       3%          1
b - Poisonous Vapours     Pois/Air       34%        N/A       4%          2
c - Mephitic Cloud        Conj/Pois/Air  17%        N/A       9%          3
d - Olgreb's Toxic Radia  Pois           17%        N/A       28%         4
e - Shock                 Conj/Air       68%        1d7       3%          1
Your spell library was empty.

Dungeon Overview and Level Annotations

Branches:
Dungeon (2/15)

Altars:


Innate Abilities, Weirdness & Mutations

You are immune to sickness and miasma.
You are immune to poison.
Your flesh is very heat resistant. (rF++)
You are vulnerable to cold. (rC-)
You float through the air rather than walking.
You learn spells naturally, not from books.
Your magical power is your life essence.
You have superior vitality. (+4 MHP)


Message History

You kill the adder!
Your magical contamination has completely faded away.
There is an open door here.
A kobold comes into view. It is wielding a +0 short sword.
The kobold shouts!
You hear a shout!
The kobold throws a stone.
The stone hits you.
Aiming: Shock (safe; 3% risk of failure)
Press: ? - help, Q - select action, (/) - cycle Shift-Dir - straight line, f - kobold
Aim: a kobold, wielding a +0 short sword and quivering stones (64% to hit)
The zap hits the kobold.
You kill the kobold!
A kobold comes into view. It is wielding a +0 dagger.
Aiming: Shock (safe; 3% risk of failure)
Press: ? - help, Q - select action, (/) - cycle Shift-Dir - straight line The zap misses the kobold.
The zap hits the kobold.
The kobold is moderately wounded.
Aiming: Shock (safe; 3% risk of failure)
Press: ? - help, Q - select action, (/) - cycle Shift-Dir - straight line The zap hits the kobold.
The kobold is severely wounded.
Aiming: Shock (safe; 3% risk of failure)
Press: ? - help, Q - select action, (/) - cycle Shift-Dir - straight line The zap hits the kobold.
You kill the kobold!
A giant cockroach comes into view.
Things that are here:
a +0 dagger; 4 gold pieces; a kobold corpse
Aiming: Shock (safe; 3% risk of failure)
Press: ? - help, Q - select action, (/) - cycle Shift-Dir - straight line, f - giant cockroach
Aim: a giant cockroach (wandering, hasn't noticed you, 71% to hit)
The zap hits the giant cockroach.
The giant cockroach is severely wounded.
Aiming: Shock (safe; 3% risk of failure)
Press: ? - help, Q - select action, (/) - cycle Shift-Dir - straight line, f/p - giant cockroach
Aim: a giant cockroach (severely wounded, 71% to hit)
The zap misses the giant cockroach.
A giant cockroach is nearby!
Aiming: Shock (safe; 3% risk of failure)
Press: ? - help, Q - select action, (/) - cycle Shift-Dir - straight line, f/p - giant cockroach
Aim: a giant cockroach (severely wounded, 71% to hit)
The zap hits the giant cockroach.
You kill the giant cockroach!
You now have 100 gold pieces (gained 4).
Things that are here:
a +0 dagger; a kobold corpse
l - a scroll labelled ECWOQE BIFA
Things that are here:
a +0 short sword; 5 stones You reach down and open the door. 4 gnolls come into view.
Aiming: Shock (safe; 3% risk of failure)
Press: ? - help, Q - select action, (/) - cycle Shift-Dir - straight line The zap hits the gnoll.
The gnoll is lightly wounded.
The zap misses the gnoll.
The zap hits the gnoll.
The gnoll is moderately wounded.
The gnoll shouts!
The zap hits the gnoll.
The gnoll is almost dead.
Aiming: Shock (safe; 3% risk of failure)
Press: ? - help, Q - select action, (/) - cycle Shift-Dir - straight line The zap misses the gnoll.
The zap hits the gnoll!
You kill the gnoll!
The zap misses the gnoll.
The zap hits the gnoll.
The gnoll is heavily wounded.
The gnoll shouts! x2
Aiming: Shock (safe; 3% risk of failure)
Press: ? - help, Q - select action, (/) - cycle Shift-Dir - straight line The zap hits the gnoll.
The gnoll is almost dead.
The zap hits the gnoll.
The gnoll is almost dead.
The gnoll hits you with a +0 flail!
Aiming: Shock (safe; 3% risk of failure)
Press: ? - help, Q - select action, (/) - cycle Shift-Dir - straight line The zap hits the gnoll.
The gnoll is moderately wounded.
The gnoll closely misses you. The gnoll barely misses you.
Casting: Shock (safe; 3% risk of failure)
Confirm with . or Enter, or press ? or * to list all spells.
The spell is extremely dangerous to miscast (28% risk of failure)!
Continue anyway?
You miscast Olgreb's Toxic Radiance.
You are very lightly contaminated with residual magic.
Nothing appears to happen.
* * * LOW HITPOINT WARNING * * *
The gnoll completely misses you. The gnoll hits you with a +0 flail!
* * * LOW HITPOINT WARNING * * *
Casting: Olgreb's Toxic Radiance (extremely dangerous; 28% risk of failure)
Confirm with . or Enter, or press ? or * to list all spells.
The spell is extremely dangerous to miscast (28% risk of failure)!
Continue anyway?
You miscast Olgreb's Toxic Radiance.
Nothing appears to happen.
* * * LOW HITPOINT WARNING * * *
The gnoll hits you with a +0 whip.
* * * LOW HITPOINT WARNING * * *
The gnoll completely misses you. The gnoll attacks as you move away!
The gnoll barely misses you. The gnoll attacks as you move away!
The gnoll closely misses you. The gnoll attacks as you move away!
The gnoll misses you. The gnoll attacks as you move away!
The gnoll hits you with a +0 whip.
You die...

... #..# #....
####.#### #..# #.... #
#..#.#)⌠# #..# #....
#.#..'.'..# #..# ###.##
#.#'##.####.#..# #...##
#.....g.....#..###.###
#.#'##g####.#......#
#.#..#g#..# #..#####
#.#..'@'..#.#...####
#.####.##'#.#......#
#...........#......####
#.####.##'#.#.........#
#.#..#.#..# #.........#
#.#..'.'. #.#..........
#.#'##.####.#.........:
#..)..).....#..........
#.#'##.####[#..........


You could see 3 gnolls.

Vanquished Creatures
  A gnoll (D:2)
  2 adders (D:2)
  A worm (D:2)
  3 dart slugs (D:2)
  3 endoplasms
  2 giant cockroaches (D:2)
  4 goblins
  3 hobgoblins
  3 jackals (D:2)
  6 kobolds
  A quokka (D:2)
  4 ball pythons
  A bat (D:1)
  2 frilled lizards
  5 rats
41 creatures vanquished.

Notes
Turn   | Place    | Note
-------+----------+-------------------------------------------
     0 | D:1      | RascalDebosk the Djinni Venom Mage began the quest for the
                  | Orb.
     0 | D:1      | RascalDebosk set off with the following spells memorised:
                  | Sting, Poisonous Vapours, Mephitic Cloud, Olgreb's Toxic
                  | Radiance.
     0 | D:1      | Reached XP level 1. HP: 15/15 MP: 0/0
   230 | D:1      | Reached XP level 2. HP: 19/21 MP: 0/0
   321 | D:1      | Reached skill level 3 in Spellcasting
   826 | D:2      | Reached XP level 3. HP: 7/25 MP: 0/0
   826 | D:2      | Learned a level 1 spell: Shock
  1126 | D:2      | Reached XP level 4. HP: 31/31 MP: 0/0
  1379 | D:2      | Slain by a gnoll

Illustrated notes

Levels and vault maps discovered:
D:1:      amcnicky_arrival_flooded_fountain, layout_loops_ring
D:2:      minmay_door_path, layout_rooms

Skill      XL: |  1  2 |
---------------+-------+-----
Spellcasting   | 3 |  3.9
Dodging        | |  2.1
Stealth        | |  1.5

Action                   |  1- 3 |  4- 6 || total
-------------------------+-------+-------++-------
 Cast: Sting             |    44 |       ||    44
       Poisonous Vapours |     7 |       ||     7
       Shock             |    25 |    20 ||    45
Armor: Robe              |     6 |       ||     6
Dodge: Dodged            |    17 |     7 ||    24

Table legend: (Time is in decaauts)
 A = Elapsed time spent in this place.
 B = Non-inter-level travel time spent in this place.
 C = Inter-level travel time spent in this place.
 D = Time resting spent in this place.
 E = Time spent auto-exploring this place.
 F = Levels seen in this place.
 G = Mean time per level.
                   A        B        C        D        E       F      G
               +--------+--------+--------+--------+--------+-----+--------+
         Total |   1378 |   1378 |      0 |    112 |    786 |   2 |  689.0 |
       Dungeon |   1378 |   1378 |      0 |    112 |    786 |   2 |  689.0 |
               +--------+--------+--------+--------+--------+-----+--------+

Top non-repeatable levels by time:
     D:1: 805 daAuts
     D:2: 573 daAuts
